General information
- name: BNet
- type: Ladder team game (AT/RT)
- host: Battle.net
- saver: GODIEPLZ
map: Highperch
- players: 6
- length: 27:32
- speed: Fast
- version: 1.24 W3XP
- replay type: Public
» download(286 KB)
Players
team 1 (loser)
Arte (
yellow | 112 APM | 3087 actions | 27:26)
4 Priestess of the Moon
2 Searing Arrows
2 Trueshot Aura
» actions
| Assign group hotkey | 77 | |
| Basic commands | 53 | |
| Build / train | 60 | |
| ESC pressed | 7 | |
| Enter build submenu | 18 | |
| Enter hero's abilities submenu | 4 | |
| Give item / drop item | 2 | |
| Right click | 1901 | |
| Select / deselect | 383 | |
| Select group hotkey | 438 | |
| Use ability | 144 | |
3087 total
» units
» upgrades
| Ultravision | 1 | |
| Strength of the Moon | 2 | |
| Moon Armor | 1 | |
| Sentinel | 1 | |
5 total
» buildings
| Altar of Elders | 2 | |
| Moon Well | 5 | |
| Ancient of War | 2 | |
| Hunter's Hall | 1 | |
| Tree of Life | 2 | |
| Tree of Ages | 3 | |
| Ancient of Wind | 1 | |
| Ancient of Lore | 2 | |
| Ancient of Wonders | 1 | |
19 total
» build order
00:05 Altar of Elders
00:18 Moon Well
01:45 Ancient of War
01:49 Hunter's Hall
02:14 Ancient of War
02:33 Moon Well
02:37 Moon Well
05:06 Moon Well
06:29 Tree of Life
11:07 Tree of Ages
11:08 Tree of Ages
13:00 Tree of Life
18:57 Ancient of Wind
18:59 Ancient of Lore
19:01 Ancient of Lore
19:11 Ancient of Wonders
23:08 Moon Well
26:12 Altar of Elders
» items
king.of.zeal. (
purple | 134 APM | 3689 actions | 27:31)
4 Death Knight
2 Death Coil
2 Unholy Aura
4 Lich
2 Frost Nova
2 Frost Armor
» actions
| Assign group hotkey | 35 | |
| Basic commands | 365 | |
| Build / train | 87 | |
| ESC pressed | 6 | |
| Enter build submenu | 21 | |
| Enter hero's abilities submenu | 9 | |
| Give item / drop item | 1 | |
| Right click | 1183 | |
| Select / deselect | 519 | |
| Select group hotkey | 1345 | |
| Use ability | 118 | |
3689 total
» units
| Acolyte | 5 | |
| Ghoul | 3 | |
| Crypt Fiend | 21 | |
| Obsidian Statue | 4 | |
33 total
» upgrades
| Creature Attack | 3 | |
| Web | 1 | |
| Creature Carapace | 2 | |
| Burrow | 1 | |
| Destroyer Form | 1 | |
8 total
» buildings
| Altar of Darkness | 1 | |
| Ziggurat | 9 | |
| Crypt | 3 | |
| Graveyard | 1 | |
| Tomb of Relics | 1 | |
| Halls of the Dead | 4 | |
| Spirit Tower | 1 | |
| Slaughterhouse | 1 | |
| Black Citadel | 4 | |
25 total
» build order
00:07 Altar of Darkness
00:09 Ziggurat
00:33 Crypt
00:58 Crypt
01:00 Graveyard
01:15 Tomb of Relics
01:49 Ziggurat
03:47 Halls of the Dead
03:48 Halls of the Dead
04:30 Ziggurat
06:53 Ziggurat
08:02 Crypt
08:12 Ziggurat
08:26 Ziggurat
09:02 Spirit Tower
09:16 Slaughterhouse
12:12 Ziggurat
12:46 Black Citadel
12:46 Black Citadel
17:06 Ziggurat
20:34 Ziggurat
» items
| Rod of Necromancy | 1 | |
| Scroll of Town Portal | 2 | |
| Orb of Corruption | 1 | |
| Potion of Healing | 2 | |
6 total

»
Rodina (
orange | 222 APM | 6078 actions | 27:23)
5 Death Knight
2 Death Coil
2 Unholy Aura
1 Death Pact
4 Lich
2 Frost Nova
2 Frost Armor
1 Crypt Lord
1 Impale
» actions
| Assign group hotkey | 486 | |
| Basic commands | 553 | |
| Build / train | 91 | |
| ESC pressed | 2 | |
| Enter build submenu | 13 | |
| Enter hero's abilities submenu | 10 | |
| Give item / drop item | 1 | |
| Right click | 1667 | |
| Select / deselect | 936 | |
| Select group hotkey | 2202 | |
| Use ability | 117 | |
6078 total
» units
| Acolyte | 3 | |
| Ghoul | 5 | |
| Crypt Fiend | 17 | |
| Harpy Rogue | 1 | |
| Obsidian Statue | 1 | |
| Abomination | 10 | |
37 total
» upgrades
| Creature Attack | 1 | |
| Disease Cloud | 1 | |
| Unholy Strength | 1 | |
| Unholy Armor | 1 | |
| Ghoul Frenzy | 1 | |
5 total
» buildings
| Crypt | 1 | |
| Graveyard | 1 | |
| Ziggurat | 6 | |
| Altar of Darkness | 1 | |
| Tomb of Relics | 1 | |
| Nerubian Tower | 2 | |
| Halls of the Dead | 1 | |
| Slaughterhouse | 2 | |
| Black Citadel | 2 | |
17 total
» build order
00:05 Crypt
00:08 Graveyard
00:35 Ziggurat
00:55 Altar of Darkness
01:42 Tomb of Relics
02:24 Ziggurat
02:30 Nerubian Tower
02:30 Nerubian Tower
03:45 Halls of the Dead
04:21 Ziggurat
06:25 Slaughterhouse
06:49 Ziggurat
07:56 Black Citadel
09:38 Slaughterhouse
11:54 Ziggurat
13:43 Ziggurat
» items
| Rod of Necromancy | 1 | |
| Dust of Appearance | 1 | |
| Potion of Healing | 9 | |
| Orb of Corruption | 3 | |
| Scroll of Healing | 4 | |
| Scroll of Town Portal | 1 | |
| Scroll of Protection | 3 | |
22 total
team 2 (winner)
CoLeGePaRtYeR17 (
blue | 97 APM | 2672 actions | 27:32)
6 Paladin
3 Holy Light
2 Devotion Aura
1 Resurrection
3 Goblin Alchemist
1 Acid Bomb
2 Chemical Rage
3 Archmage
1 Brilliance Aura
2 Blizzard
» actions
| Assign group hotkey | 72 | |
| Basic commands | 244 | |
| Build / train | 84 | |
| ESC pressed | 1 | |
| Enter build submenu | 18 | |
| Enter hero's abilities submenu | 13 | |
| Right click | 1113 | |
| Select / deselect | 602 | |
| Select group hotkey | 415 | |
| Use ability | 110 | |
2672 total
» units
| Peasant | 13 | |
| Rifleman | 17 | |
| Priest | 6 | |
36 total
» upgrades
| Masonry | 2 | |
| Long Rifles | 1 | |
| Gunpowder | 3 | |
| Priest Training | 2 | |
| Armor | 3 | |
| Magic Sentry | 1 | |
12 total
» buildings
| Altar of Kings | 1 | |
| Farm | 11 | |
| Blacksmith | 1 | |
| Barracks | 1 | |
| Scout Tower | 1 | |
| Arcane Tower | 1 | |
| Arcane Vault | 1 | |
| Lumber Mill | 1 | |
| Keep | 2 | |
| Arcane Sanctum | 1 | |
| Castle | 1 | |
| Gryphon Aviary | 2 | |
24 total
» build order
00:05 Altar of Kings
00:11 Farm
00:49 Blacksmith
00:55 Barracks
01:31 Farm
02:09 Farm
02:21 Scout Tower
02:58 Arcane Tower
03:25 Farm
03:42 Arcane Vault
04:03 Lumber Mill
04:27 Keep
04:27 Keep
05:46 Farm
06:21 Farm
06:22 Farm
06:53 Arcane Sanctum
09:16 Castle
21:02 Gryphon Aviary
21:03 Gryphon Aviary
23:28 Farm
23:30 Farm
23:30 Farm
23:31 Farm
» items
| Scroll of Regeneration | 3 | |
| Lesser Clarity Potion | 2 | |
| Scroll of Town Portal | 3 | |
| Staff of Sanctuary | 1 | |
| Potion of Healing | 1 | |
10 total
CORRUPTEDEVIL (
teal | 102 APM | 2802 actions | 27:32)
5 Keeper of the Grove
3 Entangling Roots
2 Thorns Aura
» actions
| Assign group hotkey | 193 | |
| Basic commands | 1 | |
| Build / train | 92 | |
| ESC pressed | 2 | |
| Enter build submenu | 28 | |
| Enter hero's abilities submenu | 5 | |
| Remove unit from queue | 7 | |
| Right click | 1054 | |
| Select / deselect | 403 | |
| Select group hotkey | 895 | |
| Use ability | 122 | |
2802 total
» units
» upgrades
| Moon Armor | 1 | |
| Strength of the Moon | 1 | |
| Ultravision | 1 | |
3 total
» buildings
| Altar of Elders | 1 | |
| Moon Well | 4 | |
| Hunter's Hall | 1 | |
| Ancient of War | 2 | |
| Tree of Life | 12 | |
| Ancient Protector | 2 | |
| Tree of Ages | 1 | |
| Ancient of Wind | 1 | |
24 total
» build order
00:08 Altar of Elders
00:19 Moon Well
01:39 Hunter's Hall
01:41 Ancient of War
02:02 Ancient of War
02:24 Moon Well
03:26 Moon Well
04:32 Tree of Life
06:29 Moon Well
10:45 Tree of Life
10:49 Tree of Life
10:57 Tree of Life
11:08 Ancient Protector
11:09 Ancient Protector
15:15 Tree of Life
16:17 Tree of Life
17:09 Tree of Life
20:27 Tree of Life
20:57 Tree of Ages
21:19 Tree of Life
23:50 Ancient of Wind
25:17 Tree of Life
26:03 Tree of Life
26:34 Tree of Life
» items
| Scroll of Town Portal | 3 | |
| Scroll of Speed | 1 | |
| Healing Salve | 2 | |
| Scroll of Healing | 1 | |
| Scroll of Protection | 1 | |
| Orb of Lightning | 1 | |
| Potion of Healing | 1 | |
| Potion of Mana | 1 | |
11 total
GODIEPLZ (
red | 127 APM | 3505 actions | 27:32)
7 Tauren Chieftain
3 War Stomp
3 Endurance Aura
1 Reincarnation
3 Shadow Hunter
2 Hex
1 Healing Wave
» actions
| Assign group hotkey | 49 | |
| Basic commands | 256 | |
| Build / train | 96 | |
| ESC pressed | 1 | |
| Enter build submenu | 15 | |
| Enter hero's abilities submenu | 10 | |
| Right click | 1465 | |
| Select / deselect | 927 | |
| Select group hotkey | 577 | |
| Use ability | 109 | |
3505 total
» units
| Peon | 8 | |
| Troll Headhunter/Berserker | 42 | |
| Tauren | 3 | |
53 total
» upgrades
| Ranged Weapons | 3 | |
| Armor | 3 | |
| Berserker Upgrade | 1 | |
| Envenomed Spears | 1 | |
| Reinforced Defenses | 1 | |
| Pulverize | 1 | |
10 total
» buildings
| Altar of Storms | 1 | |
| Orc Burrow | 5 | |
| War Mill | 2 | |
| Barracks | 1 | |
| Voodoo Lounge | 2 | |
| Stronghold | 2 | |
| Fortress | 1 | |
| Beastiary | 1 | |
| Tauren Totem | 3 | |
18 total
» build order
00:04 Altar of Storms
00:06 Orc Burrow
00:24 War Mill
00:51 Barracks
01:48 Orc Burrow
02:14 Voodoo Lounge
04:10 Stronghold
04:27 Orc Burrow
05:36 Orc Burrow
07:53 Voodoo Lounge
09:46 Fortress
13:12 Beastiary
21:56 Tauren Totem
21:58 Tauren Totem
22:00 War Mill
22:01 Tauren Totem
23:42 Orc Burrow
» items
| Healing Salve | 3 | |
| Lesser Clarity Potion | 9 | |
| Scroll of Regeneration | 1 | |
| Orb of Lightning | 1 | |
| Potion of Healing | 1 | |
| Scroll of Town Portal | 2 | |
| Potion of Lesser Invulnerability | 1 | |
18 total
Chat log
(00:43 / All) CORRUPTEDEVIL: so
(00:45 / All) CORRUPTEDEVIL: hi guys
(03:00 / All) CORRUPTEDEVIL: so guys
(03:17 / All) CORRUPTEDEVIL: what u guys doing
(18:30 / All) GODIEPLZ: topo good
(18:44 / All) GODIEPLZ: man so good
(18:48 / All) CORRUPTEDEVIL: u double fienders
(18:52 / All) CORRUPTEDEVIL: stop focusing my hunts
(18:56 / All) CORRUPTEDEVIL: and click the fatty tc
(18:59 / All) CORRUPTEDEVIL: with 3 stomps plz
(25:41 / Allies) CORRUPTEDEVIL: AWWW
(25:41 / Allies) CORRUPTEDEVIL: ZZZZ
(27:06 / All) GODIEPLZ: SO BAD
(27:26 / All) GODIEPLZ: so fucking dumb
(27:29 / All) king.of.zeal.: suck it nigga